 Dungeon Crawl Stone Soup version 0.29.1-2-gbd0b4ee654 (webtiles) character file.

Game seed: 1581152540406028104

58 safid the Shooter (level 3, -1/33 HPs)
             Began as a Minotaur Hunter on Nov 9, 2022.
             Slain by Ijyb
             ... wielding a +4 dagger of venom
              (3 damage)
             ... on level 2 of the Dungeon.
             The game lasted 00:01:31 (1390 turns).

safid the Shooter (Minotaur Hunter)                 Turns: 1390, Time: 00:01:32

Health: -1/33      AC:  3    Str: 15    XL:     3   Next: 75%
Magic:  2/2        EV: 12    Int:  6    God:
Gold:   68         SH:  0    Dex: 15    Spells: 2/2 levels left

rFire   . . .      SeeInvis .   a - +0 shortbow
rCold   . . .      Faith    .   (shield currently unavailable)
rNeg    . . .      Spirit   .   c - +0 leather armour
rPois   .          Reflect  .   (helmet restricted)
rElec   .          Harm     .   (no cloak)
rCorr   .          Rampage  .   (no gloves)
Will    .....                   (no boots)
Stlth   +.........              (no amulet)
HPRegen 0.11/turn               (no ring)
MPRegen 0.08/turn               (no ring)

@: lethally poisoned (-1 -> -11), attractive, flying
A: horns 2, retaliatory headbutt
a: no special abilities


You were on level 2 of the Dungeon.
You visited 1 branch of the dungeon, and saw 2 of its levels.

You collected 68 gold pieces.

Inventory:

Hand Weapons
 a - a +0 shortbow (weapon)
Armour
 c - a +0 leather armour (worn)
Jewellery
 f - an amulet of magic regeneration
Scrolls
 b - a scroll of immolation
 e - a scroll of enchant weapon {unknown}
 h - 3 scrolls of identify {unknown}
 i - a scroll of teleportation {unknown}
 k - a scroll of poison {unknown}
Potions
 d - a potion of flight
 g - a potion of brilliance {unknown}
 j - a potion of attraction
 l - 2 potions of curing {unknown}


   Skills:
 + Level 3.9 Fighting
 + Level 5.2 Ranged Weapons
 - Level 2.1 Dodging
 - Level 0.7 Stealth


You had 2 spell levels left.
You didn't know any spells.
Your spell library contained the following spells:

 Spells                   Type           Power      Damage    Failure   Level
 Beastly Appendage        Tmut           0%         N/A       52%         1
 Static Discharge         Conj/Air       0%         3-3/arc   67%         2
 Wereblood                Tmut           0%         N/A       67%         2
 Spider Form              Tmut/Pois      0%         N/A       88%         3
 Summon Guardian Golem    Hex/Summ       0%         N/A       88%         3
 Dispel Undead            Necr           0%         3d6       99%         4
 Sticky Flame             Conj/Fire      0%         2d3       99%         4
 Agony                    Necr           0%         N/A       100%        5
 Orb of Destruction       Conj           0%         9d5       100%        7
 Spellforged Servitor     Conj/Summ      0%         N/A       100%        7
 Borgnjor's Revivificati  Necr           0%         N/A       100%        8


Dungeon Overview and Level Annotations

Branches:
Dungeon (2/15)

Altars:

Annotations:
D:2 Ijyb


Innate Abilities, Weirdness & Mutations

You have a pair of horns on your head.
You reflexively headbutt those who attack you in melee.


Message History

You are too injured to fight recklessly!
Unknown command.
Fire: a) +0 shortbow
Press: ? - help, Q - select action Shift-Dir - straight line, f/p - goblin
Aim: a goblin, wielding a +0 sling (moderately wounded, 55% to hit)
You shoot an arrow. The arrow completely misses Ijyb.
The arrow closely misses the goblin.
You feel sick.
Fire: a) +0 shortbow
Press: ? - help, Q - select action Shift-Dir - straight line, f/p - goblin
Aim: a goblin, wielding a +0 sling (moderately wounded, 55% to hit)
You shoot an arrow. The arrow closely misses the goblin.
You feel sick.
Ijyb throws a poisoned dart.
The poisoned dart closely misses you.
The goblin shoots a sling bullet.
The sling bullet closely misses you.
Fire: a) +0 shortbow
Press: ? - help, Q - select action Shift-Dir - straight line, f/p - goblin
Aim: a goblin, wielding a +0 sling (55% to hit)
You shoot an arrow. The arrow hits Ijyb but does no damage.
Ijyb is lightly wounded.
You feel sick.
You are no longer poisoned.
Ijyb hits you with a +4 dagger of venom.
* * * LOW HITPOINT WARNING * * *
You are lethally poisoned!
The goblin shoots a sling bullet.
The sling bullet barely misses you.
Unknown command.
It was a potion of flight.
You feel very buoyant.
You fly up into the air.
* * * LOW HITPOINT WARNING * * *
You feel very sick. Ijyb completely misses you. You furiously retaliate!
You headbutt Ijyb!
The goblin shoots a sling bullet.
The sling bullet completely misses you.
It was a potion of attraction.
You feel attractive to monsters.
* * * LOW HITPOINT WARNING * * *
You feel very sick.
Ijyb hits you with a +4 dagger of venom.
You die...

### ##### ..###
##...##
#.<.########..#..#
.###.)...).†.###.#
.###.#.#####..#..##
.......# ##...@.##
#...#..# #####gg#
#.###.<## .8.8.8g.#
........# ggg.....#
#..##.#.# ........#
#..##.#.# ...g....#
......#.# .gg......
#..###### ........#
#..# .8.8.8...


You could see Ijyb and 2 goblins.

Vanquished Creatures
  2 adders (D:2)
  3 endoplasms (D:1)
  A giant cockroach (D:1)
  6 goblins (D:2)
  7 hobgoblins
  4 jackals (D:1)
  2 quokkas
  3 ball pythons
  2 bats
  4 kobolds
34 creatures vanquished.

Notes
Turn   | Place    | Note
-------+----------+-------------------------------------------
     0 | D:1      | safid the Minotaur Hunter began the quest for the Orb.
     0 | D:1      | Reached XP level 1. HP: 18/18 MP: 0/0
   166 | D:1      | Reached XP level 2. HP: 26/26 MP: 1/1
   815 | D:2      | Reached skill level 5 in Ranged Weapons
   815 | D:2      | Reached XP level 3. HP: 20/31 MP: 2/2
  1017 | D:2      | Got the Exposition on Unholy Mysteries
  1379 | D:2      | Noticed Ijyb
  1390 | D:2      | Slain by Ijyb

Illustrated notes

Levels and vault maps discovered:
D:1:      amcnicky_arrival_single_pillar, layout_loops_ring
D:2:      kennysheep_the_goblin_king, layout_loops_ring, serial_shops,
          nicolae_diamond_shop

Skill      XL: |  1  2 |
---------------+-------+-----
Fighting       | 3 |  3.9
Ranged Weapons | 5 |  5.2
Dodging        | |  2.1
Stealth        | |  0.7

Action                   || total
-------------------------++-------
 Fire: Shortbow          ||   100
  Use: Potion            ||     2
Armor: Leather armour    ||     9
Dodge: Dodged            ||    40
